 Dungeon Crawl Stone Soup version 0.29.1-2-gbd0b4ee654 (webtiles) character file.

Game seed: 16144053617539386808

52479 warriortoast the Destroyer (level 14, -2/99 HPs)
             Began as a Purple Draconian Conjurer on Nov 29, 2022.
             Was an Elder of Hepliaklqana.
             Killed from afar by an ironbound frostheart (24 damage)
             ... by creeping frost
             ... in an ice cave on Nov 30, 2022.
             The game lasted 02:30:30 (24716 turns).

warriortoast the Destroyer (DrCj)                  Turns: 24716, Time: 02:30:31

Health: -2/99      AC: 12    Str: 13    XL:     14   Next: 27%
Magic:  12/25      EV: 14    Int: 27    God:    Hepliaklqana [****..]
Gold:   2220       SH:  0    Dex: 12    Spells: 8/33 levels left

rFire   . . .      SeeInvis .   N - +5 trident (protect)
rCold   . . .      Faith    .   (no shield)
rNeg    . . .      Spirit   .   (body armour unavailable)
rPois   .          Reflect  .   (helmet restricted)
rElec   .          Harm     .   l - +0 cloak
rCorr   .          Rampage  .   U - +0 pair of gloves {Dex+3}
Will    ++...                   v - +1 pair of boots
Stlth   +++.......              E - amulet of magic regeneration
HPRegen 0.26/turn               B - +6 ring of intelligence
MPRegen 0.59/turn               M - ring of wizardry

@: no status effects
A: reduced essence, breathe power, AC +8, unfitting armour, cold-blooded, low MP
1
a: Breathe Dispelling Energy, Renounce Religion, Recall Ancestor, Ancestor
Identity, Transference, Idealise


You were in an ice cave.
You worshipped Hepliaklqana.
Hepliaklqana was greatly pleased with you.
You visited 3 branches of the dungeon, and saw 17 of its levels.
You also visited: Gauntlet and Ice Cave.

You collected 3733 gold pieces.
You spent 1513 gold pieces at shops.

Inventory:

Hand Weapons
 N - a +5 trident of protection (weapon)
Armour
 l - a +0 cloak (worn)
 v - a +1 pair of boots (worn)
 z - the +0 mask of the Dragon {Will+ Slay+3 SInv}
   (You bought it in a shop on level 2 of the Orcish Mines)

   Slay:      It affects your accuracy & damage with ranged weapons and melee
   (+3).
   SInv:      It lets you see invisible.
   Will:      It increases your willpower.
 U - a +0 pair of gloves of dexterity (worn)
Jewellery
 c - a ring of poison resistance
 u - a +4 ring of protection
 B - a +6 ring of intelligence (left hand)
 E - an amulet of magic regeneration (around neck)
 M - a ring of wizardry (right hand)
 Q - a ring of willpower
 R - a +4 ring of protection
Wands
 x - a wand of charming (23)
 C - a wand of flame (19)
 F - a wand of light (12)
 L - a wand of iceblast (4)
 P - a wand of polymorph (5)
Scrolls
 p - 5 scrolls of teleportation
 r - a scroll of enchant armour
 w - 3 scrolls of fear
 y - 2 scrolls of magic mapping
 J - a scroll of enchant weapon
 K - a scroll of poison
 O - 2 scrolls of amnesia
 W - a scroll of brand weapon
Potions
 b - a potion of berserk rage {unknown}
 e - 4 potions of flight
 g - 4 potions of curing
 h - 3 potions of ambrosia
 i - 2 potions of haste
 j - 2 potions of resistance
 k - 6 potions of lignification
 m - 3 potions of brilliance
 o - 6 potions of heal wounds
 s - 3 potions of attraction
 t - 2 potions of might
 I - 2 potions of invisibility
Miscellaneous
 V - a condenser vane


   Skills:
 - Level 6.5 Fighting
 - Level 3.0 Polearms
 - Level 5.8 Dodging
 - Level 7.0 Stealth
 - Level 10.0 Spellcasting
 + Level 14.3 Conjurations
 - Level 8.0 Hexes
 + Level 12.2 Translocations
 - Level 7.0 Invocations
 - Level 3.4 Evocations


You had 8 spell levels left.
You knew the following spells:

 Your Spells              Type           Power      Damage    Failure   Level
a - Magic Dart            Conj           100%       1d8       0%          1
b - Searing Ray           Conj           100%       2d8       0%          2
c - Dazzling Flash        Conj/Hex       100%       N/A       1%          3
d - Fulminant Prism       Conj/Hex       32%        3d16      1%          4
e - Iskenderun's Mystic   Conj/Tloc      71%        2d14      1%          4
f - Orb of Destruction    Conj           37%        9d11      4%          7
g - Cause Fear            Hex            27%        N/A       1%          4

Your spell library contained the following spells:

 Spells                   Type           Power      Damage    Failure   Level
 Static Discharge         Conj/Air       51%        3-10/arc  1%          2
 Inner Flame              Hex/Fire       35%        N/A       1%          3
 Summon Guardian Golem    Hex/Summ       35%        N/A       1%          3
 Sticky Flame             Conj/Fire      51%        2d7       1%          4
 Poisonous Vapours        Pois/Air       26%        N/A       2%          2
 Iron Shot                Conj/Erth      25%        9d5       14%         6
 Starburst                Conj/Fire      25%        6d8       14%         6
 Animate Dead             Necr           13%        N/A       16%         4
 Corpse Rot               Necr/Pois/Air  13%        N/A       16%         4
 Dispel Undead            Necr           13%        3d9       16%         4
 Agony                    Necr           13%        N/A       41%         5
 Blade Hands              Tmut           6%         N/A       41%         5
 Spellforged Servitor     Conj/Summ      25%        N/A       56%         7
 Discord                  Hex            27%        N/A       98%         8
 Necromutation            Tmut/Necr      6%         N/A       100%        8
 Animate Armour           Summ/Erth      Unusable   N/A       N/A         4

Dungeon Overview and Level Annotations

Branches:
Dungeon (11/15)            Temple (0/1) D:6            Lair (4/5) D:9
  Swamp (0/4) Lair:2       Spider (0/4) Lair:3        Slime (0/5) Lair:4
    Orc (2/2) D:10            Elf (0/3) Orc:2         IceCv (1/1)
Gauntlet (visited)

Altars:
Dithmenos
Elyvilon
Hepliaklqana
Nemelex Xobeh
Qazlal
Ru
Sif Muna
Uskayaw
Vehumet
Wu Jian
Xom
Yredelemnul
Zin

Shops:
D:4 :   D:7 =   Orc:1 :   Orc:2 *:?[

Portals:
Pandemonium: Orc:2


Innate Abilities, Weirdness & Mutations

Your life essence is reduced to manifest your ancestor. (-10% HP)
You can breathe bolts of dispelling energy.
Your rich purple scales are hard. (AC +8)
You cannot fit into any form of body armour.
You are cold-blooded and may be slowed by cold attacks.
Your magical capacity is low. (-10% MP)


Message History

Confirm with . or Enter, or press ? or * to list all spells.
Casting: Cause Fear (mildly dangerous; 1% risk of failure)
Press: ? - help, Dir - look around, f - activate Nothing appears to happen.
Unknown command.
What are your orders? t - Shout!
Orders for allies: a - Attack new target. r - Retreat! s - Stop attacking. g - Guard the area. f - Follow me.
Anything else - Cancel.
Gang up on whom?
Press: ? - help, Dir - move target, f - ironbound frostheart
Aim: an ironbound frostheart, wearing a +0 ring mail Attack!
Dojus blocks the ironbound frostheart's attack.
Dojus hits the ironbound frostheart with a +0 flail!
Dojus's attack snaps the ironbound frostheart out of its fear.
Casting: Cause Fear (mildly dangerous; 1% risk of failure)
Confirm with . or Enter, or press ? or * to list all spells.
You erupt in a blast of force!
The mystic blast hits the ironbound frostheart!
The ironbound frostheart is moderately wounded.
The ironbound frostheart is knocked back by the mystic blast.
The ironbound frostheart slams into the ice covered rock wall!
The ironbound frostheart is moderately wounded.
Dojus avoids your attack.
Dojus closely misses the ironbound frostheart.
Casting: Iskenderun's Mystic Blast (safe; 1% risk of failure)
Confirm with . or Enter, or press ? or * to list all spells.
You erupt in a blast of force!
The mystic blast hits the ironbound frostheart!
The ironbound frostheart is heavily wounded.
The ironbound frostheart is knocked back by the mystic blast.
The ironbound frostheart slams into the ice covered rock wall!
The ironbound frostheart is heavily wounded.
Dojus avoids your attack.
The ironbound frostheart calls freezing cold from the walls.
The frost grips you!!
You die...

##.#.# #..Y.#
##.#.## #§§☼
#†###.#
§§○§.#.##..#
☼☼§°.#..#.## #
#....##.#.p# ##
.....#~..R### .##
#.....~#~#@..#
..##
##...#~~~#..[#
...## ##.
#≈~##...# ##..###
# ##~~#####
##....## #~~###
##.#...#####~#~~#
##.#.#.#.##÷#####
#.####....#~# ..#
##.#...#


You could see the friendly Dojus the knight and an ironbound frostheart (ally
target).

Vanquished Creatures
  An orc warlord (Orc:2)
  A minotaur (Gauntlet)
  A hydra (Lair:4)
  A demonspawn (Orc:2)
  A boulder beetle (Lair:2)
  A two-headed ogre (D:8)
  8 death yaks
  A thrashing horror (Gauntlet)
  5 orc high priests (Orc:2)
  3 orc knights (Orc:2)
  2 orc sorcerers
  A black mamba (Lair:1)
  An ice statue (IceCv)
  3 cane toads
  An orange demon (Orc:2)
  4 komodo dragons
  A minotaur zombie (Gauntlet)
  Psyche (D:10)
  4 rime drakes
  4 trolls
  8 polar bears (IceCv)
  A raiju (Gauntlet)
  5 blink frogs
  A ynoxinul (Gauntlet)
  27 yaks
  A basilisk (Lair:3)
  A neqoxec (Orc:2)
  2 steam dragons
  3 wargs
  6 water moccasins
  2 swamp worms (Lair:2)
  A black bear (D:6)
  25 orc warriors
  2 ogres
  21 wolves
  3 centaurs
  3 bullfrogs
  2 necrophages
  A gnoll sergeant (D:7)
  Blork the orc (D:6)
  2 scorpions
  3 small abominations (Gauntlet)
  2 electric eels
  3 howler monkeys
  5 crimson imps (D:10)
  2 hounds
  2 iron imps (Gauntlet)
  3 jellies (D:5)
  12 orc priests
  Jessica (D:2)
  2 iguanas (D:5)
  8 orc wizards
  Robin (D:2)
  10 gnolls
  9 adders
  2 river rats (D:9)
  A shadow imp (D:8)
  2 white imps (D:10)
  5 ufetubi
  A worm (D:2)
  2 dart slugs (D:2)
  33 orcs
  2 bats
  6 endoplasms
  A giant cockroach (D:1)
  13 goblins
  10 hobgoblins
  7 jackals
  12 kobolds
  8 quokkas
  6 ball pythons
  3 frilled lizards
  4 rats
344 creatures vanquished.

Vanquished Creatures (collateral kills)
  A hydra (Lair:2)
  A two-headed ogre (D:10)
  2 death yaks (Lair:1)
  3 orc high priests (Orc:2)
  A sun demon (Orc:2)
  3 orc knights
  3 orc sorcerers (Orc:2)
  An ugly thing (IceCv)
  A black mamba (Lair:3)
  Joseph (D:9)
  A cane toad (Lair:2)
  A rust devil (Gauntlet)
  2 gargoyles
  A komodo dragon (Lair:1)
  A hellwing (Orc:2)
  A troll (Orc:1)
  3 polar bears
  2 blink frogs
  Sigmund (D:6)
  A centaur simulacrum (D:10)
  9 yaks
  3 wyverns
  A basilisk (Lair:1)
  2 steam dragons
  Menkaure (D:6)
  A warg (Orc:1)
  A swamp worm (Lair:2)
  2 acid dragons
  2 water moccasins
  11 orc warriors
  2 ice beasts (D:10)
  2 black bears (D:6)
  3 ogres
  7 wolves
  A centaur (D:9)
  2 kobold brigands
  2 bullfrogs
  3 gnoll sergeants
  A necrophage (D:4)
  2 scorpions
  2 howler monkeys
  2 crimson imps (D:10)
  2 iron imps (Gauntlet)
  6 orc priests
  3 hounds
  A jelly (D:5)
  Ijyb (D:5)
  8 orc wizards
  3 iguanas
  8 gnolls
  3 adders
  A white imp (D:7)
  An ufetubus (D:9)
  A worm (D:3)
  14 orcs
  A hobgoblin (D:4)
  2 jackals (D:4)
  A kobold (D:10)
  2 quokkas
151 creatures vanquished.

Vanquished Creatures (others)
  21 knights
  2 ancestors (D:5)
  An orc (Orc:2)
  A bush (Lair:2)
  17 demonic plants (Gauntlet)
  165 fulminant prisms
  10 fungi
  77 plants
294 creatures vanquished.

Grand Total: 789 creatures vanquished

Notes
Turn   | Place    | Note
-------+----------+-------------------------------------------
     0 | D:1      | warriortoast the Draconian Conjurer began the quest for the
                  | Orb.
     0 | D:1      | Reached XP level 1. HP: 14/14 MP: 3/3
   471 | D:1      | Reached XP level 2. HP: 22/22 MP: 0/5
  1027 | D:1      | Reached skill level 1 in Fighting
  1414 | D:2      | Noticed Jessica
  1418 | D:2      | Killed Jessica
  1419 | D:2      | Reached XP level 3. HP: 28/28 MP: 1/6
  1493 | D:2      | Found a hazy altar of Hepliaklqana.
  1503 | D:2      | Became a worshipper of Hepliaklqana the Forgotten
  1706 | D:2      | Reached XP level 4. HP: 26/35 MP: 1/7
  2115 | D:2      | Noticed Robin
  2132 | D:2      | Killed Robin
  2554 | D:2      | Reached XP level 5. HP: 41/41 MP: 2/9
  2675 | D:2      | Found a faded altar of an unknown god.
  3171 | D:3      | Identified the +6 buckler of Miun {Rampage *Corrode Dex+8
                  | Slay+3}
  3451 | D:3      | Reached * piety under Hepliaklqana
  4041 | D:4      | Reached XP level 6. HP: 45/45 MP: 4/10
  4989 | D:4      | Reached skill level 1 in Invocations
  5060 | D:4      | Found Coulekid's Vocational Training.
  5323 | D:4      | Reached skill level 5 in Conjurations
  5423 | D:4      | Learned a level 2 spell: Searing Ray
  5427 | D:4      | Learned a level 3 spell: Dazzling Flash
  5432 | D:4      | Learned a level 4 spell: Fulminant Prism
  5557 | D:4      | Found a white marble altar of Elyvilon.
  5557 | D:4      | Found an ornate altar of the Wu Jian Council.
  5593 | D:5      | Entered Level 5 of the Dungeon
  5629 | D:4      | Your scales start taking on a rich purple colour.
  5629 | D:4      | Reached XP level 7. HP: 44/51 MP: 1/13
  5835 | D:5      | Reached skill level 1 in Hexes
  5840 | D:5      | Learned a level 4 spell: Iskenderun's Mystic Blast
  6022 | D:5      | Noticed Ijyb
  6032 | D:5      | Killed Ijyb
  6524 | D:5      | Reached XP level 8. HP: 59/59 MP: 11/14
  6545 | D:5      | Reached ** piety under Hepliaklqana
  6546 | D:5      | Remembered your ancestor Dojus as a knight
  6582 | D:6      | Noticed Menkaure
  6584 | D:6      | Killed Menkaure
  6735 | D:6      | Found a radiant altar of Vehumet.
  6760 | D:6      | Noticed Sigmund
  6765 | D:6      | Killed Sigmund
  6766 | D:6      | Reached skill level 5 in Spellcasting
  6769 | D:6      | Found a staircase to the Ecumenical Temple.
  6894 | D:6      | Reached skill level 6 in Conjurations
  7158 | D:6      | Reached XP level 9. HP: 65/65 MP: 11/17
  7197 | D:6      | Noticed Blork the orc
  7215 | D:6      | Killed Blork the orc
  7216 | D:6      | Reached skill level 5 in Fighting
  7707 | D:6      | Reached skill level 5 in Stealth
  7975 | D:7      | Reached skill level 5 in Dodging
  8450 | D:7      | Found a sacrificial altar of Ru.
  8487 | D:7      | Found Lycikk's Jewellery Shoppe.
  8636 | D:7      | Found a shimmering blue altar of Sif Muna.
  8851 | D:8      | Found a stormy altar of Qazlal.
  9029 | D:8      | Reached skill level 5 in Invocations
  9143 | D:8      | Found a shadowy altar of Dithmenos.
  9279 | D:8      | Reached skill level 7 in Conjurations
  9279 | D:8      | Reached skill level 5 in Hexes
  9298 | D:8      | Reached *** piety under Hepliaklqana
  9315 | D:8      | Noticed a two-headed ogre
  9322 | D:8      | Killed a two-headed ogre
  9323 | D:8      | Reached skill level 1 in Translocations
  9323 | D:8      | Reached XP level 10. HP: 72/72 MP: 14/20
  9588 | D:9      | Noticed a death yak
  9591 | D:9      | Noticed a death yak
  9651 | D:9      | Noticed a death yak
  9674 | D:8      | Killed a death yak
  9675 | D:8      | Reached skill level 1 in Polearms
  9675 | D:8      | Reached skill level 1 in Evocations
  9936 | D:9      | Noticed Joseph
 10039 | D:9      | Found a staircase to the Lair.
 10513 | D:9      | Found a hide-covered altar of Uskayaw.
 10521 | D:9      | Identified the +2 kite shield "Fawivint" {rF- rCorr Int-2
                  | Dex+7}
 10850 | D:9      | Noticed a gargoyle
 10858 | D:9      | Killed a gargoyle
 10958 | D:10     | Entered Level 10 of the Dungeon
 10965 | D:10     | Noticed a death yak
 11281 | D:9      | Found a glowing silver altar of Zin.
 11452 | D:9      | Killed Joseph
 11715 | D:9      | Killed a death yak
 11812 | D:9      | Killed a death yak
 12484 | D:9      | Killed a death yak
 12485 | D:9      | Reached XP level 11. HP: 67/80 MP: 14/22
 12511 | D:10     | Noticed a two-headed ogre
 12514 | D:10     | Identified the +4 scale mail of Buestuf {Dex+5 SInv}
 12579 | D:10     | Reached skill level 8 in Conjurations
 12758 | D:10     | Noticed Psyche
 12773 | D:10     | Killed Psyche
 12867 | D:10     | Found a staircase to the Orcish Mines.
 12947 | D:10     | Found a basalt altar of Yredelemnul.
 13035 | D:10     | Learned a level 7 spell: Orb of Destruction
 13153 | D:10     | Killed a two-headed ogre
 13352 | D:10     | Found a shimmering altar of Xom.
 13380 | D:10     | Found a sparkling altar of Nemelex Xobeh.
 13651 | Lair:1   | Entered Level 1 of the Lair of Beasts
 13730 | Lair:1   | Noticed a death yak
 13731 | Lair:1   | Noticed a death yak
 13737 | Lair:1   | Noticed a death yak
 13739 | Lair:1   | Noticed a death yak
 13741 | Lair:1   | Killed a death yak
 13951 | Lair:1   | Found a gate leading to a gauntlet.
 13965 | Gauntlet | Entered a Gauntlet
 13965 | Gauntlet | Found a transporter.
 13965 | Gauntlet | Found a transporter.
 13966 | Gauntlet | Found a transporter.
 13968 | Gauntlet | Found a transporter.
 13969 | Gauntlet | Found a transporter.
 13969 | Gauntlet | Found a transporter.
 13980 | Gauntlet | Found a transporter.
 13984 | Gauntlet | Found a transporter.
 13985 | Gauntlet | Found a transporter.
 13985 | Gauntlet | Found a transporter.
 14015 | Gauntlet | Noticed a thrashing horror
 14016 | Gauntlet | Noticed a thrashing horror
 14018 | Gauntlet | Found a transporter.
 14104 | Gauntlet | Reached **** piety under Hepliaklqana
 14139 | Gauntlet | Found a transporter.
 14263 | Gauntlet | Reached skill level 5 in Translocations
 14273 | Gauntlet | Learned a level 4 spell: Cause Fear
 14307 | Gauntlet | Killed a thrashing horror
 14308 | Gauntlet | Reached skill level 9 in Conjurations
 14593 | Gauntlet | Noticed a minotaur
 14610 | Gauntlet | Killed a minotaur
 14629 | Gauntlet | Reached XP level 12. HP: 84/87 MP: 14/25
 14642 | Gauntlet | Got the Tome of Blasphemous Liturgies
 15392 | Orc:1    | Entered Level 1 of the Orcish Mines
 15647 | Orc:2    | Entered Level 2 of the Orcish Mines
 15874 | Orc:2    | Noticed an orc warlord
 16556 | Orc:2    | Reached skill level 10 in Spellcasting
 16574 | Orc:2    | Reached skill level 10 in Conjurations
 17254 | Orc:2    | Found Noonoxuh's Magic Scroll Emporium.
 17364 | Orc:2    | Found Soickuso's General Store.
 17368 | Orc:2    | Gained mutation: Your magical capacity is low. (-10% MP) [a
                  | neqoxec]
 17383 | Orc:2    | Bought a scroll of identify for 26 gold pieces
 17383 | Orc:2    | Bought a scroll of identify for 26 gold pieces
 17383 | Orc:2    | Bought a scroll of identify for 26 gold pieces
 17383 | Orc:2    | Bought a scroll of acquirement for 676 gold pieces
 17383 | Orc:2    | Bought a scroll of magic mapping for 97 gold pieces
 17443 | Orc:2    | Noticed an orc high priest
 17451 | Orc:2    | Killed an orc high priest
 17468 | Orc:2    | Reached skill level 11 in Conjurations
 17574 | Orc:2    | Noticed an orc high priest
 17590 | Orc:2    | Killed an orc high priest
 17725 | Orc:2    | Noticed an orc high priest
 17731 | Orc:2    | Noticed an orc high priest
 17734 | Orc:2    | Killed an orc high priest
 17737 | Orc:2    | Killed an orc high priest
 17751 | Orc:2    | Reached XP level 13. HP: 36/92 MP: 5/24
 19052 | Lair:2   | Reached skill level 12 in Conjurations
 19177 | Lair:2   | Acquired 1194 gold pieces
 19348 | Orc:2    | Bought the +0 mask of the Dragon {Will+ Slay+3 SInv} for
                  | 534 gold pieces
 19348 | Orc:2    | Found the +0 mask of the Dragon {Will+ Slay+3 SInv}
 19348 | Orc:2    | Bought a potion of magic for 128 gold pieces
 19462 | Orc:2    | Found a staircase to the Elven Halls.
 19882 | Orc:2    | Reached skill level 10 in Translocations
 19919 | Orc:2    | Found Luaxowapuo's Antique Armour Shop.
 19919 | Orc:2    | Found Ribut's Book Boutique.
 19920 | Orc:2    | Found a one-way gate leading to the halls of Pandemonium.
 19997 | Orc:1    | Found Bysmuwk's Book Shoppe.
 20500 | Orc:2    | Killed an orc warlord
 21172 | Orc:1    | Reached skill level 13 in Conjurations
 22033 | Lair:2   | Acquired 923 gold pieces
 22041 | Lair:2   | Found an ornate altar of the Wu Jian Council.
 22381 | Lair:2   | Found a staircase to the Swamp.
 23357 | Lair:3   | Found a hole to the Spider Nest.
 23724 | Lair:4   | Found a frozen archway.
 23742 | Lair:4   | Reached XP level 14. HP: 82/99 MP: 8/25
 23755 | IceCv    | Entered an ice cave
 24039 | IceCv    | Reached skill level 14 in Conjurations
 24716 | IceCv    | Killed from afar by an ironbound frostheart

Illustrated notes

Levels and vault maps discovered:
D:1:      amcnicky_arrival_wind_blow, layout_loops_ring,
          amcnicky_mini_corridor_feature
D:2:      wad_woods_tower, layout_basic, basic_altar,
          hellmonk_ecumenical_altar_run_dry, uniq_jessica, uniq_robin
D:3:      layout_loops_cross, minivault_23
D:4:      layout_basic, gammafunk_temple_overflow_wave, nicolae_shop_vocational
D:5:      layout_rooms, uniq_ijyb
D:6:      layout_loops_ring, vehumet_crystals, minmay_temple_entry_purple_smoke,
          ebering_dispersal_statue_hall, minmay_starry_boxes,
          uniq_blork_the_orc, uniq_sigmund, uniq_menkaure
D:7:      layout_loops_cross, nicolae_ru_awakened_eye,
          overflow_temple_1_default, serial_shops, shop, minivault_26
D:8:      layout_loops_cross, kennysheep_little_box,
          mainiacjoe_overflow_small_starburst
D:9:      layout_layer_cave, eat_drink_and_be_merry_uskayaw, lemuel_tele_altar,
          dpeg_lair_monsters, uniq_joseph
D:10:     layout_basic, mainiacjoe_overflow_two_lobes, amcnicky_altar_gilded,
          orc_0_dummy, serial_ice, serial_ice_l, serial_ice_m, serial_ice_e,
          serial_ice_o, serial_ice_c, serial_ice_d, serial_ice_b, serial_ice_h,
          kennysheep_pointless_box, minmay_nine_imps, uniq_psyche
D:11:     kennysheep_blocky_room, layout_layer_cave, hangedman_decor_growths,
          uniq_grum
Lair:1:   layout_cellular_growth, gauntlet_entry_generic, beast_lair_carwin_11
Lair:2:   layout_regular_city, nicolae_swamp_entry_splash_gauntlet, basic_altar,
          cheibrodos_lair_reptile_den
Lair:3:   layout_loops_ring, dummy_spider_entry
Lair:4:   layout_long_grid, slime_entry_1, portal_ice_cave_rime,
          grunt_megastairs_5
Orc:1:    layout_caves, serial_shops, nicolae_shop_statue_plus
Orc:2:    pf_orc_diabolical, layout_caves
IceCv:    ice_cave_caverns_03

Skill      XL: |  1  2  3  4  5  6  7  8  9 10 11 12 13 14 |
---------------+-------------------------------------------+-----
Stealth        | 2 3 4 6 7 |  7.0
Dodging        | 2 3 4 5 |  5.8
Fighting       | 1 2 3 4 5 6 |  6.5
Spellcasting   | 3 4 5 7 9 10 | 10.0
Invocations    | 1 2 4 5 6 7 |  7.0
Conjurations   | 5 6 7 9 11 13 14 | 14.3
Hexes          | 2 3 5 7 8 |  8.0
Translocations | 1 3 5 8 11 12 | 12.2
Polearms       | 2 3 |  3.0
Evocations     | 2 3 |  3.4

Action                   |  1- 3 |  4- 6 |  7- 9 | 10-12 | 13-15 || total
-------------------------+-------+-------+-------+-------+-------++-------
Melee: Rapier            |    18 |    12 |       |       |       ||    30
       Tailslap          |     3 |       |       |       |       ||     3
       Mace              |       |     2 |       |       |       ||     2
       Spear             |       |       |       |     1 |       ||     1
       Trident           |       |       |       |     7 |    25 ||    32
Throw: Throwing net      |       |       |       |     1 |       ||     1
 Cast: Magic Dart        |    58 |   178 |   205 |   394 |   221 ||  1056
       Fulminant Prism   |       |       |     9 |   117 |    39 ||   165
       Iskenderun's Myst |       |       |       |    66 |   112 ||   178
       Cause Fear        |       |       |       |     2 |     6 ||     8
       Searing Ray       |       |       |       |     1 |       ||     1
       Orb of Destructio |       |       |       |       |    14 ||    14
Invok: Ancestor Identity |       |     1 |       |       |       ||     1
       Ancestor Life: Kn |       |       |     1 |       |       ||     1
       Recall Ancestor   |       |       |       |    15 |     1 ||    16
       Transference      |       |       |       |     8 |     2 ||    10
       Idealise          |       |       |       |       |     1 ||     1
 Abil: Breathe Dispellin |       |       |     1 |       |       ||     1
Evoke: Wand              |       |       |       |     9 |       ||     9
  Use: Scroll            |     2 |     4 |    10 |    13 |     9 ||    38
       Potion            |       |       |       |     5 |     4 ||     9
 Stab: Distracted        |       |       |       |       |     2 ||     2
Armor: Skin              |    10 |    10 |     6 |    51 |    15 ||    92
Dodge: Dodged            |    23 |    36 |    15 |    75 |    44 ||   193
